 Dungeon Crawl Stone Soup version 0.18.1-50-g88ac8fd (webtiles) character file.

83 mopl the Sneak (level 4, 0/23 HPs)
             Began as a Vine Stalker Warper on May 17, 2017.
             Succumbed to an adder's poison
             ... on level 2 of the Dungeon.
             The game lasted 00:02:20 (1030 turns).

mopl the Sneak (Vine Stalker Warper)                Turns: 1030, Time: 00:02:20

Health: 0/23       AC:  3    Str: 13    XL:     4   Next: 44%
Magic:  4/8        EV: 12    Int: 13    God:
Gold:   58         SH:  0    Dex: 15    Spells: 1 memorised, 6 levels left

rFire  . . .     SeeInvis +     a - +0 falchion
rCold  . . .     Gourm    .     j - +0 leather armour
rNeg   . . .     Faith    .     (no shield)
rPois  .         Spirit   +     (no helmet)
rElec  .         Dismiss  .     (no cloak)
rCorr  .         Reflect  .     (no gloves)
SustAt .         Harm     .     (no boots)
MR     .....     Clarity  +     (no amulet)
Stlth  ++........               (no ring)
                                (no ring)

@: lethally poisoned (0 -> -3), very slightly contaminated, not resistant to
hostile enchantments, unstealthy
A: fangs 2, see invisible, clarity, regeneration 1, wild magic 2, magic shield,
antimagic bite, no device heal 3, rot immunity
a: no special abilities


You were on level 2 of the Dungeon.
You were hungry.

You visited 1 branch of the dungeon, and saw 2 of its levels.

You collected 58 gold pieces.

Inventory:

Hand Weapons
 a - a +0 falchion (weapon)
 b - a +4 dagger of holy wrath
Missiles
 e - 5 tomahawks of dispersal (quivered)
Armour
 j - a +0 leather armour (worn)
Scrolls
 g - a scroll of enchant weapon {unknown}
 h - 2 scrolls of identify {unknown}
 l - a scroll of amnesia {unknown}
 n - 2 scrolls of remove curse {unknown}
 p - a scroll of recharging {unknown}
Books
 c - a book of Spatial Translocations

   Spells                             Type                      Level
   a - Apportation                    Translocation                1
   b - Blink                          Translocation                2
   c - Shroud of Golubria             Charms/Translocation         2
   d - Portal Projectile              Translocation                3
   e - Teleport Other                 Translocation                3
   f - Passage of Golubria            Translocation                4
Comestibles
 f - 3 bread rations
 o - 5 chunks of flesh
 q - a meat ration


   Skills:
 - Level 1.7 Fighting
 + Level 2.9 Long Blades
 - Level 0.8 Throwing
 - Level 0.7 Armour
 - Level 1.5 Dodging
 + Level 4.0 Stealth
 - Level 2.1 Spellcasting
 - Level 3.0 Translocations


You had 6 spell levels left.
You knew the following spells:

 Your Spells              Type           Power        Failure   Level  Hunger
a - Apportation           Tloc           ##........   24%         1    ##.....


Dungeon Overview and Level Annotations

Branches:
Dungeon (2/15)

Altars:


Innate Abilities, Weirdness & Mutations

You have extremely sharp teeth.
Your natural rate of healing is unusually fast.
When hurt, damage is shared between your health and your magic reserves.
Your bite disrupts and absorbs the magic of your enemies.
Potions and wands cannot restore your health.
You are immune to rotting.
You have supernaturally acute eyesight.
You possess an exceptional clarity of mind.
Your spells are harder to cast, but more powerful.


Message History

You feel less in control of your magic.
You feel fantastic!
* * * LOW HITPOINT WARNING * * *
You feel sick. The goblin hits you with a club. The rat barely misses you.
Drink which item? (? for menu, Esc to quit)
It was a potion of heal wounds.
That seemed strangely inert.
The goblin hits you but does no damage. The rat completely misses you.
Unknown command.
Unknown command.
Read which item? (? for menu, Esc to quit)
Blink to where?
Press: ? - help, Dir - move target cursor You are very lightly contaminated with residual magic.
As you read the scroll of blinking, it crumbles to dust.
A jackal comes into view.
* * * LOW HITPOINT WARNING * * *
You feel sick.
Found two stone staircases leading down and a stone staircase leading up.
A bat comes into view.
You die...

.......................
.....#....=.#r.........†
b............g####..?.##
.............#.....####
.#.............#####
.............#
#...........##
##..>.........##
..>....@........########
#h...<.....#........#...
......#...##.###.#....##
#....#######..##........
#....#######..........##
###............####.#...
# #####........>..##.
#..##..####.....
#.###..# ####..


You could see a jackal (wandering), a goblin, a bat (sleeping) and a rat.

Vanquished Creatures
  2 adders (D:2)
  2 oozes (D:1)
  A worm (D:2)
  A dart slug (D:1)
  3 giant geckos
  2 giant cockroaches (D:2)
  6 goblins
  2 hobgoblins (D:2)
  8 jackals (D:1)
  3 kobolds
  3 ball pythons
  4 bats
  2 giant newts (D:1)
  8 rats
47 creatures vanquished.

Notes
Turn   | Place    | Note
--------------------------------------------------------------
     0 | D:1      | mopl the Vine Stalker Warper began the quest for the Orb.
     0 | D:1      | Reached XP level 1. HP: 11/11 MP: 4/4
    87 | D:1      | Reached skill level 2 in Long Blades
    92 | D:1      | Reached skill level 1 in Stealth
    95 | D:1      | Reached XP level 2. HP: 6/15 MP: 6/6
   101 | D:1      | Reached skill level 2 in Stealth
   228 | D:1      | Reached XP level 3. HP: 18/18 MP: 7/7
   374 | D:1      | Reached skill level 3 in Stealth
   854 | D:2      | Reached XP level 4. HP: 23/23 MP: 8/8
  1025 | D:2      | Reached skill level 4 in Stealth
  1026 | D:2      | Gained mutation: You have supernaturally acute eyesight. [potion of mutation]
  1026 | D:2      | Gained mutation: You possess an exceptional clarity of mind. [potion of mutation]
  1026 | D:2      | Gained mutation: Your spells are a little harder to cast, but a little more powerful. [potion of mutation]
  1027 | D:2      | Gained mutation: Your spells are harder to cast, but more powerful. [potion of beneficial mutation]
  1027 | D:2      | HP: 1/23 [poisoned by an adder]
  1030 | D:2      | Succumbed to an adder's poison

Skill      XL: |  1  2  3  4 |
---------------+-------------+-----
Long Blades    | 2 |  2.9
Stealth        | 1 2 3 4 |  4.0
Fighting       | |  1.7
Throwing       | |  0.8
Armour         | |  0.7
Dodging        | |  1.5
Spellcasting   | |  2.1
Translocations | |  3.0

Action                   |  1- 3 |  4- 6 || total
-------------------------+-------+-------++-------
Melee: Falchion          |    94 |    36 ||   130
       Bite              |    16 |     5 ||    21
  Use: Potion            |       |     3 ||     3
       Scroll            |       |     1 ||     1
 Stab: Sleeping          |     4 |     2 ||     6
Armor: Leather armour    |    32 |     7 ||    39
Dodge: Dodged            |    93 |    35 ||   128
